[Event "Titled Tuesday Blitz December 7 2021"]
[White "Atakhan, Abtin"]
[Black "Gevorgyan, Maria"]
[WhiteFideId "22502203"]
[BlackFideId "13300270"]
[WhiteElo "2119"]
[BlackElo "2210"]
[Result "0-1"]
[Round "11"]
[TimeControl "180+1"]
[Date "2021.12.07"]
[WhiteClock "0:00:01"]
[BlackClock "0:00:27"]

1. e4 c5 2. Nc3 Nc6 3. Bb5 Nd4 4. Nf3 Nxb5 5. Nxb5 g6 6. d4 cxd4 7. Qxd4 f6 8. Qc3 Kf7 9. Bf4 d6 10. O-O-O Be6 11. Nfd4 Rc8 12. Nxe6 Kxe6 13. Qb3+ Kd7 14. Nxd6 exd6 15. Rxd6+ Bxd6 16. Bxd6 Kxd6 17. Rd1+ Kc7 18. Rxd8 Rxd8 19. Qf7+ Rd7 20. Qc4+ Kb8 21. Qe6 Rd8 22. b3 Nh6 23. Qxf6 Rhf8 24. Qh4 Ng8 25. f4 Rd7 26. g3 Nf6 27. e5 Nd5 28. Kb2 Rc8 29. Qg5 Nb4 30. c4 a5 31. f5 Rcd8 32. Ka3 gxf5 33. e6 Rd2 34. Ka4 Rxa2+ 35. Kb5 Nc6 36. Kb6 Rb2 37. Qf4+ Ka8 38. Kc7 Re8 39. Qxf5 Re7+ 40. Kd6 Rd2+ 41. Kc5 Rd8 42. Kb6 Rde8 43. c5 Rxe6 44. Kb5 Re4 45. Qf1 Rb4# 0-1


[Site "https://www.chess.com"]

[Event "Titled Tuesday Blitz December 7 2021"]
[White "Babazada, Khazar"]
[Black "Nakamura, Hikaru"]
[WhiteFideId "13413554"]
[BlackFideId "2016192"]
[WhiteElo "2302"]
[BlackElo "2884"]
[Result "1-0"]
[Round "11"]
[TimeControl "180+1"]
[Date "2021.12.07"]
[WhiteClock "0:00:17"]
[BlackClock "0:00:04"]

1. Nf3 d5 2. g3 g6 3. Bg2 Bg7 4. d4 Nd7 5. O-O Nb6 6. b3 Nf6 7. Bb2 O-O 8. Nbd2 a5 9. a4 Ne4 10. Ne5 Nd6 11. e4 c6 12. Re1 Re8 13. Nd3 f6 14. Nc5 Nf7 15. e5 fxe5 16. dxe5 Ng5 17. Nf3 Bg4 18. h4 Ne6 19. Nxe6 Bxe6 20. Ng5 Qd7 21. Nxe6 Qxe6 22. Kh2 Qf7 23. Qd4 Nc8 24. c4 e6 25. cxd5 cxd5 26. Rac1 Na7 27. f4 Nc6 28. Qb6 Ra6 29. Qe3 Nb4 30. Bf1 Rc6 31. Bb5 Nc2 32. Qe2 Nxe1 33. Bxc6 bxc6 34. Qxe1 Qb7 35. Qc3 Rc8 36. Ba3 c5 37. Qxa5 Bf8 38. Bxc5 Qxb3 39. Qa6 Qb2+ 40. Kh3 Re8 41. Qf1 Rc8 42. Qa6 Qxc1 43. Qxc8 Qxc5 44. Qxe6+ Kh8 45. Qf7 Qe7 46. Qxd5 Qc5 47. Qxc5 Bxc5 48. g4 Kg7 49. Kg3 Kf7 50. Kf3 h5 51. f5 hxg4+ 52. Kxg4 Be7 53. h5 gxf5+ 54. Kxf5 1-0


[Site "https://www.chess.com"]

[Event "Titled Tuesday Blitz December 7 2021"]
[White "Bach, Ngoc Thuy Duong"]
[Black "Artemenko, Oleg"]
[WhiteFideId "12408956"]
[BlackFideId "14201798"]
[WhiteElo "1896"]
[BlackElo "2287"]
[Result "1/2-1/2"]
[Round "11"]
[TimeControl "180+1"]
[Date "2021.12.07"]
[WhiteClock "0:00:48"]
[BlackClock "0:01:40"]

1. d4 Nf6 2. c4 e6 3. Nc3 Bb4 4. Qc2 O-O 5. a3 Bxc3+ 6. Qxc3 Ne4 7. Qc2 d5 8. Nf3 c5 9. e3 Nc6 10. cxd5 exd5 11. dxc5 Qa5+ 12. Bd2 Qxc5 13. Bd3 Qxc2 14. Bxc2 Nxd2 15. Kxd2 Bg4 16. Nd4 Nxd4 17. exd4 Be6 18. Bd3 Rfc8 19. Rhc1 Kf8 20. b4 Ke7 21. Rc5 b6 22. Rcc1 g6 23. Ba6 Rxc1 24. Rxc1 Kd6 25. g3 Bd7 26. Rc3 f5 27. f4 Re8 28. Rc1 Re4 29. Bd3 Re8 30. b5 Rc8 31. Re1 Re8 32. Re5 Rxe5 33. fxe5+ Ke6 34. Ke3 g5 35. h4 h6 36. Kf3 Kf7 37. Ke3 Be6 38. Be2 Kg6 39. a4 Bd7 40. Bd1 Be6 41. Be2 h5 42. Bd1 Kh6 43. Bc2 Kg6 44. Kf3 Kh6 45. Bd3 Kg6 46. hxg5 Kxg5 47. Bc2 Bf7 48. Bb3 Be6 49. Bc2 Bf7 50. Bb3 Bg8 51. Ba2 Be6 52. Bb3 Bg8 53. Bc2 Be6 54. Bd3 Bg8 55. Bc2 Be6 56. Bd1 1/2-1/2


[Site "https://www.chess.com"]

[Event "Titled Tuesday Blitz December 7 2021"]
[White "Baskin, Robert"]
[Black "Kalajzic, Ivan"]
[WhiteFideId "24662402"]
[BlackFideId "14506378"]
[WhiteElo "2488"]
[BlackElo "2163"]
[Result "1-0"]
[Round "11"]
[TimeControl "180+1"]
[Date "2021.12.07"]
[WhiteClock "0:00:56"]
[BlackClock "0:01:21"]

1. e4 Nc6 2. Nf3 d6 3. d4 Bg4 4. d5 Ne5 5. Nxe5 Bxd1 6. Bb5+ c6 7. dxc6 Qa5+ 8. Nc3 a6 9. b4 Qxb5 10. Nxb5 axb5 11. cxb7 Rb8 12. Nc6 Rxb7 13. Kxd1 Nf6 14. f3 Nd7 15. a4 bxa4 16. Rxa4 Nb6 17. Ra6 Kd7 18. Na5 Rb8 19. Be3 Nc8 20. c3 e6 21. Kc2 Be7 22. Rd1 Rd8 23. Nc6 Rb7 24. Nxd8 Bxd8 25. Bd4 g6 26. g4 Bb6 27. Bxb6 Nxb6 28. Kb3 d5 29. exd5 exd5 30. c4 Kc7 31. c5 Nd7 32. Rxd5 Nb8 33. Rf6 Kc8 34. h4 h6 35. h5 gxh5 36. gxh5 Re7 37. Rxh6 Nd7 38. Rhd6 Nf8 39. Rd8+ 1-0


[Site "https://www.chess.com"]

[Event "Titled Tuesday Blitz December 7 2021"]
[White "Belyakov, Bogdan"]
[Black "Kretchetov, Alexandre"]
[WhiteFideId "24104795"]
[BlackFideId "4124588"]
[WhiteElo "2407"]
[BlackElo "2522"]
[Result "0-1"]
[Round "11"]
[TimeControl "180+1"]
[Date "2021.12.07"]
[WhiteClock "0:01:18"]
[BlackClock "0:00:21"]

1. e4 c6 2. d4 d5 3. e5 Bf5 4. Nd2 e6 5. Nb3 Nd7 6. Nf3 Ne7 7. Be2 Bg4 8. O-O Nf5 9. Ne1 Bxe2 10. Qxe2 a6 11. Nd3 Rc8 12. Bd2 c5 13. dxc5 Nxc5 14. Nbxc5 Bxc5 15. Nxc5 Rxc5 16. Bb4 Rc4 17. Ba3 Qc7 18. Rae1 Rxc2 19. Qg4 Rc4 20. Qg5 h6 21. Qd2 Kd7 22. f4 h5 23. Rc1 Rc8 24. Rxc4 Qxc4 25. Qa5 Qd4+ 26. Kh1 Ne3 27. Re1 Qe4 28. Rg1 Nxg2 29. Qb4 Nxf4+ 30. Qxe4 dxe4 31. Rxg7 Rc1+ 32. Rg1 Rxg1+ 33. Kxg1 Nd3 34. Bd6 f5 35. b3 f4 36. Kf1 f3 0-1


[Site "https://www.chess.com"]

[Event "Titled Tuesday Blitz December 7 2021"]
[White "Berezin, Viktor"]
[Black "Kim, Sergey"]
[WhiteFideId "14107872"]
[BlackFideId "13700570"]
[WhiteElo "2310"]
[BlackElo "2577"]
[Result "1-0"]
[Round "11"]
[TimeControl "180+1"]
[Date "2021.12.07"]
[WhiteClock "0:00:19"]
[BlackClock "0:00:07"]

1. d4 Nf6 2. Nf3 g6 3. c4 Bg7 4. g3 d6 5. Bg2 O-O 6. O-O Nbd7 7. Nc3 e5 8. h3 exd4 9. Nxd4 Re8 10. Qc2 Nc5 11. Rd1 Qe7 12. b4 Nce4 13. Nxe4 Nxe4 14. Bb2 c6 15. Rac1 h5 16. Nf3 Bxb2 17. Qxb2 a5 18. b5 a4 19. a3 Bd7 20. Nd4 Qf6 21. e3 c5 22. Qc2 Ng5 23. Ne2 Nxh3+ 24. Bxh3 Bxh3 25. Nf4 Bg4 26. Rd5 Bf3 27. Rd2 Be4 28. Qd1 Rad8 29. Nd5 Qg5 30. Qe2 h4 31. g4 f5 32. f4 Qxg4+ 33. Qxg4 fxg4 34. Nf6+ Kg7 35. Nxe8+ Rxe8 36. Rxd6 g3 37. Rd7+ Kh6 38. Rcd1 h3 39. R1d2 h2+ 40. Rxh2+ gxh2+ 41. Kxh2 Kh5 42. Kg3 g5 43. Rg7 Bg6 44. Kf2 g4 45. Rxb7 Rd8 46. Rc7 Rd2+ 47. Kg3 Re2 48. Rxc5+ Kh6 49. Re5 Ra2 50. b6 Rxa3 51. b7 Rb3 52. Rb5 Rxe3+ 53. Kxg4 Be4 54. b8=Q Bf3+ 55. Kf5 Be4+ 56. Kf6 Rf3 57. Qh8+ Bh7 58. Qg7# 1-0


[Site "https://www.chess.com"]

[Event "Titled Tuesday Blitz December 7 2021"]
[White "Bilan, Danila"]
[Black "Vifleemskaia, Svetlana"]
[WhiteFideId "24161918"]
[BlackFideId "4129490"]
[WhiteElo "2164"]
[BlackElo "1918"]
[Result "1/2-1/2"]
[Round "11"]
[TimeControl "180+1"]
[Date "2021.12.07"]
[WhiteClock "0:00:05"]
[BlackClock "0:00:04"]

1. d4 Nf6 2. Nf3 d5 3. c4 dxc4 4. e3 a6 5. Bxc4 b5 6. Be2 e6 7. O-O c5 8. dxc5 Qxd1 9. Rxd1 Bxc5 10. a3 O-O 11. b4 Be7 12. Bb2 Nbd7 13. Nbd2 Bb7 14. Nb3 Bd5 15. Na5 Ne4 16. Nd2 Bf6 17. Bxf6 Ndxf6 18. Nxe4 Nxe4 19. Bf3 Rfd8 20. Bxe4 Bxe4 21. Rxd8+ Rxd8 22. Nb3 Bd5 23. Nc5 Ra8 24. Rd1 a5 25. bxa5 f5 26. a6 Rc8 27. Nd7 Rc6 28. Nb8 Rc7 29. f3 Ra7 30. e4 fxe4 31. fxe4 Bxe4 32. Rd8+ Kf7 33. Rd7+ Rxd7 34. Nxd7 Ke7 35. Nc5 Ba8 36. g3 Kd6 37. Nd3 Kc7 38. Kf2 Kb6 39. Nb4 Bd5 40. Ke3 Bg2 41. Kd4 Bd5 42. Ke5 Bc4 43. h4 h5 44. Kd6 Bd5 45. Ke5 Bc4 46. Kd6 Bd5 47. Kd7 Bc4 48. Kc8 Ka7 49. Kc7 e5 50. Nc6+ Kxa6 51. Nxe5 Ka5 52. Nc6+ Ka4 53. Kb6 Kxa3 54. Kc5 Kb3 55. Nb4 Kc3 56. Nc6 Kb3 57. Ne5 Kc3 58. Nc6 Kb3 1/2-1/2


[Site "https://www.chess.com"]

[Event "Titled Tuesday Blitz December 7 2021"]
[White "Bologan, Victor"]
[Black "Kosteniuk, Alexandra"]
[WhiteFideId "13900048"]
[BlackFideId "4128125"]
[WhiteElo "2472"]
[BlackElo "2475"]
[Result "1/2-1/2"]
[Round "11"]
[TimeControl "180+1"]
[Date "2021.12.07"]
[WhiteClock "0:01:03"]
[BlackClock "0:00:25"]

1. e4 c6 2. d4 d5 3. e5 c5 4. Nf3 cxd4 5. Nxd4 Nc6 6. c4 e6 7. cxd5 exd5 8. Bb5 Bd7 9. Nc3 Bc5 10. Nb3 Bb4 11. O-O Bxc3 12. bxc3 Nge7 13. Ba3 O-O 14. Bxc6 bxc6 15. f4 Re8 16. Bxe7 Rxe7 17. Qd4 Bf5 18. h3 h5 19. Kh2 Qb6 20. Nc5 Rb8 21. Rf2 a5 22. a4 Ree8 23. g3 Qd8 24. Rg1 Qc8 25. g4 hxg4 26. hxg4 Bxg4 27. f5 Bxf5 28. e6 Qc7+ 29. Kh1 fxe6 30. Rfg2 Re7 31. Qh4 Rb1 32. Rxb1 Bxb1 33. Rh2 Bf5 34. Qh8+ Kf7 35. Qh5+ Kf6 36. Qh4+ Kf7 37. Qh5+ Kf6 38. Qh4+ Kf7 39. Qh5+ 1/2-1/2


[Site "https://www.chess.com"]

[Event "Titled Tuesday Blitz December 7 2021"]
[White "Bortnyk, Olexandr"]
[Black "Gabrielian, Artur"]
[WhiteFideId "14120828"]
[BlackFideId "4131002"]
[WhiteElo "2723"]
[BlackElo "2440"]
[Result "1-0"]
[Round "11"]
[TimeControl "180+1"]
[Date "2021.12.07"]
[WhiteClock "0:00:04"]
[BlackClock "0:00:08"]

1. g4 e5 2. Bg2 h5 3. gxh5 Nf6 4. d4 e4 5. c4 d5 6. cxd5 Qxd5 7. Nc3 Qf5 8. Bh3 Ng4 9. f3 Qxh5 10. fxg4 Bxg4 11. Qa4+ Nd7 12. Bg2 Qh4+ 13. Kd1 f5 14. Be3 O-O-O 15. Qxa7 Nb6 16. d5 Nxd5 17. Qa8+ Kd7 18. Qa4+ Kc8 19. Nxd5 Rxd5+ 20. Kc2 Rh6 21. Bxh6 Rc5+ 22. Kb3 Qe7 23. Qa8+ Kd7 24. Rd1+ Kc6 25. Qa4+ Rb5+ 26. Kc2 gxh6 27. Kb1 Bg7 28. b3 Qe5 29. Qc4+ Kb6 30. Rd4 Qxd4 31. Qxd4+ Bxd4 32. Nh3 Bxe2 33. Nf4 Bg4 34. h3 Bf3 35. Bxf3 exf3 36. Rf1 f2 37. Nd3 Rd5 38. Nxf2 Be5 39. Nd1 f4 40. Kc2 Kc6 41. Nf2 Kd6 42. Nd3 Rd4 43. a4 c6 44. Nb2 Re4 45. Nc4+ Ke6 46. a5 Re2+ 47. Kd3 Rh2 48. Ke4 Re2+ 49. Kf3 Rc2 50. Kg4 h5+ 51. Kxh5 Rc3 52. Re1 Rxh3+ 53. Kg4 Rg3+ 54. Kh4 Kd5 55. Rxe5+ Kd4 56. Rf5 Rxb3 57. Rxf4+ Kc5 58. Nb6 Rb5 59. Nd7+ Kd6 60. Nb6 Kc5 61. Nd7+ Kd6 62. Nf6 Rxa5 63. Kg3 Ra3+ 64. Kg4 b5 65. Ne4+ Kc7 66. Kf5 Kb6 67. Ke5 Rd3 68. Rf8 Rd5+ 69. Ke6 b4 70. Rb8+ Ka5 71. Nd6 Ka4 72. Nc4 Kb3 73. Ne5 Rd1 74. Nxc6 Kc4 75. Na5+ Kc3 76. Rc8+ Kb2 77. Rb8 Ka3 78. Ke5 Rd2 79. Nc4+ Kb3 80. Nxd2+ Kc3 81. Ne4+ 1-0


[Site "https://www.chess.com"]

[Event "Titled Tuesday Blitz December 7 2021"]
[White "Bouget, Alexandre"]
[Black "Kabanova, Ekaterina"]
[WhiteFideId "681318"]
[BlackFideId "24112917"]
[WhiteElo "2178"]
[BlackElo "2164"]
[Result "0-1"]
[Round "11"]
[TimeControl "180+1"]
[Date "2021.12.07"]
[WhiteClock "0:00:03"]
[BlackClock "0:00:15"]

1. d4 c5 2. d5 e5 3. e4 a6 4. a4 d6 5. Nc3 Ne7 6. Nf3 Bg4 7. Be2 Bxf3 8. Bxf3 Ng6 9. h4 Nxh4 10. Be3 Be7 11. g3 Nxf3+ 12. Qxf3 Bg5 13. Nd1 Nd7 14. Qg4 Bf6 15. f4 Qa5+ 16. Bd2 Qb6 17. Ra3 c4 18. a5 Qd4 19. Qf3 Nc5 20. Re3 Nd7 21. Rc3 exf4 22. gxf4 Qc5 23. Ra3 O-O-O 24. b4 cxb3 25. Rxb3 Kb8 26. Qd3 Qd4 27. Qxa6 Qxe4+ 28. Kf2 Bd4+ 29. Kg3 Nc5 30. Qf1 Nxb3 31. cxb3 h5 32. Nf2 h4+ 33. Rxh4 Bxf2+ 34. Qxf2 Rxh4 35. Kxh4 Qxd5 36. Be3 Rh8+ 37. Kg3 Qh1 38. Ba7+ Ka8 0-1


[Site "https://www.chess.com"]

[Event "Titled Tuesday Blitz December 7 2021"]
[White "Brunner, Nicolas"]
[Black "Maksimenko, Viktor"]
[WhiteFideId "620246"]
[BlackFideId "13710478"]
[WhiteElo "2372"]
[BlackElo "2269"]
[Result "0-1"]
[Round "11"]
[TimeControl "180+1"]
[Date "2021.12.07"]
[WhiteClock "0:02:14"]
[BlackClock "0:02:30"]

1. d4 Nf6 2. c4 e6 3. g3 c5 4. d5 exd5 5. cxd5 d6 6. Nc3 g6 7. Nf3 Bg7 8. Bg2 O-O 9. O-O Re8 10. Nd2 a6 11. a4 Nbd7 12. Nc4 Ne5 13. Na3 Nh5 14. h3 Bd7 15. Kh2 b5 16. g4 Bxg4 17. hxg4 Nxg4+ 18. Kg1 Qh4 0-1


[Site "https://www.chess.com"]

[Event "Titled Tuesday Blitz December 7 2021"]
[White "Colbow, Collin"]
[Black "Punin, Andrii"]
[WhiteFideId "16201132"]
[BlackFideId "14112639"]
[WhiteElo "2137"]
[BlackElo "2357"]
[Result "1/2-1/2"]
[Round "11"]
[TimeControl "180+1"]
[Date "2021.12.07"]
[WhiteClock "0:00:11"]
[BlackClock "0:00:41"]

1. e4 c6 2. Nf3 d5 3. d3 dxe4 4. dxe4 Qxd1+ 5. Kxd1 Nf6 6. Nbd2 Bg4 7. Be2 g6 8. Ne1 Bxe2+ 9. Kxe2 Bh6 10. f3 Nbd7 11. Nd3 Nb6 12. a4 O-O-O 13. a5 Nbd7 14. Nc4 Bxc1 15. Rhxc1 Kc7 16. b4 a6 17. Nd2 h5 18. c4 Ne8 19. b5 Nd6 20. bxa6 bxa6 21. Nb3 Ra8 22. Ndc5 Nb7 23. Nxb7 Kxb7 24. Kd3 Kc7 25. Kc3 Rad8 26. Rd1 Nb8 27. Nc5 Rxd1 28. Rxd1 Rd8 29. Rb1 Kc8 30. Rb7 Nd7 31. Rxd7 Rxd7 32. Nxd7 Kxd7 33. Kd4 Kd6 34. e5+ Kd7 35. Kc5 Kc7 36. f4 Kb7 37. g3 Kc7 38. h3 Kb7 39. g4 hxg4 40. hxg4 Kc7 41. f5 gxf5 42. gxf5 Kb7 43. Kd4 Kc7 44. Ke4 f6 45. e6 Kd6 46. Kd4 Kc7 47. Kc5 Kb7 48. Kd4 Kc7 49. c5 Kd8 50. Ke4 Ke8 51. Kf4 Kf8 52. Kg4 Kg7 53. Kh5 Kh7 54. Kh4 Kg7 55. Kg4 Kh6 56. Kh4 Kg7 57. Kh5 Kh7 58. Kg4 Kh6 59. Kh4 Kg7 1/2-1/2


[Site "https://www.chess.com"]

[Event "Titled Tuesday Blitz December 7 2021"]
[White "Cruz Mendez, Jean Marco"]
[Black "Budrewicz, Krzysztof"]
[WhiteFideId "3526402"]
[BlackFideId "1127950"]
[WhiteElo "2064"]
[BlackElo "2242"]
[Result "0-1"]
[Round "11"]
[TimeControl "180+1"]
[Date "2021.12.07"]
[WhiteClock "0:00:50"]
[BlackClock "0:01:25"]

1. d4 Nf6 2. Bg5 d5 3. Nd2 Nbd7 4. e3 h6 5. Bh4 g5 6. Bg3 Bg7 7. Bd3 c5 8. c3 O-O 9. h4 g4 10. f3 cxd4 11. exd4 h5 12. Qe2 Nb6 13. O-O-O Be6 14. fxg4 Bxg4 15. Ngf3 Rc8 16. Kb1 Na4 17. Rc1 Qb6 18. Nb3 e6 19. Qe3 Ne4 20. Be5 f6 21. Bf4 Bf5 22. Bh6 Rf7 23. Bxg7 Rxg7 24. g4 hxg4 25. Nfd2 Nxd2+ 26. Qxd2 Be4 27. Bxe4 dxe4 28. Qf4 f5 29. h5 Kh7 30. h6 Rg6 31. Rcd1 Qc7 32. Qe3 g3 33. d5 g2 34. Rhg1 exd5 35. Rxd5 Qb6 36. Rd7+ Kh8 37. Qe1 Re8 38. Rd4 Nc5 39. Qf2 Nxb3 40. axb3 e3 41. Qxf5 e2 42. Qf2 e1=Q+ 43. Rxe1 Rxe1+ 44. Kc2 Re8 0-1


[Site "https://www.chess.com"]

[Event "Titled Tuesday Blitz December 7 2021"]
[White "Csonka, Balazs"]
[Black "Martin Carmona, Gaston Manuel"]
[WhiteFideId "742910"]
[BlackFideId "22284567"]
[WhiteElo "2404"]
[BlackElo "2161"]
[Result "1-0"]
[Round "11"]
[TimeControl "180+1"]
[Date "2021.12.07"]
[WhiteClock "0:00:07"]
[BlackClock "0:00:25"]

1. d4 Nf6 2. c4 e6 3. Nf3 d5 4. Nc3 c5 5. cxd5 Nxd5 6. g3 Be7 7. Bg2 Nxc3 8. bxc3 O-O 9. O-O cxd4 10. cxd4 Nc6 11. Bb2 Bd7 12. e4 Bd6 13. d5 exd5 14. Qxd5 Be6 15. Qh5 Qa5 16. Qxa5 Nxa5 17. e5 Bc5 18. Ng5 Nc4 19. Rac1 Nxb2 20. Rxc5 Rac8 21. Nxe6 fxe6 22. Rxc8 Rxc8 23. Rb1 Rc2 24. Bxb7 Nc4 25. Bc8 Nxe5 26. Bxe6+ Kf8 27. Rb7 Nf3+ 28. Kg2 Ne1+ 29. Kf1 Nd3 30. Rf7+ Ke8 31. Rf3 Rc1+ 32. Ke2 Nc5 33. Re3 Kd8 34. Bd5 Rc2+ 35. Ke1 Kd7 36. Re2 Nd3+ 37. Kf1 Rc1+ 38. Kg2 Ne1+ 39. Kh3 Nd3 40. Rd2 Rd1 41. Rxd1 Nxf2+ 42. Kg2 Nxd1 43. Kf3 Nc3 44. Bg8 h6 45. Ke3 Nb5 46. Ke4 Ke7 47. Kf5 Nd4+ 48. Kg6 Kf8 49. Bd5 Ne2 50. Bc4 Nc3 51. Kf5 Na4 52. Ke6 Nb6 53. Bb3 g5 54. Kd6 Kg7 55. Kc7 Kf6 56. Kb7 Nd7 57. Kxa7 h5 58. a4 h4 59. a5 h3 60. Bd1 Kf5 61. a6 Ke5 62. Kb7 Nc5+ 63. Kb6 Nxa6 64. Kxa6 Ke4 65. Bg4 Ke3 66. Bxh3 Kf2 67. Bf5 Kg2 68. g4 Kxh2 69. Kb5 Kg3 70. Kc5 Kf4 71. Kd6 Ke3 72. Ke6 Kf4 73. Kf6 1-0


[Site "https://www.chess.com"]

[Event "Titled Tuesday Blitz December 7 2021"]
[White "Cvetanovic, Uros"]
[Black "Hjartarson, Johann"]
[WhiteFideId "900672"]
[BlackFideId "2300044"]
[WhiteElo "2282"]
[BlackElo "2502"]
[Result "0-1"]
[Round "11"]
[TimeControl "180+1"]
[Date "2021.12.07"]
[WhiteClock "0:00:06"]
[BlackClock "0:01:14"]

1. Nc3 g6 2. e4 Bg7 3. d4 d6 4. f4 a6 5. Nf3 b5 6. a3 Nd7 7. h4 c5 8. h5 cxd4 9. Nxd4 Bb7 10. Nf3 Ngf6 11. Bd3 Nxh5 12. g4 Nhf6 13. g5 Ng4 14. Nh4 h5 15. f5 Qb6 16. Qe2 Nde5 17. Bf4 b4 18. axb4 Qxb4 19. O-O O-O 20. Ra3 Rab8 21. Rb3 Qd4+ 22. Kg2 Ba8 23. Rxb8 Rxb8 24. Nd1 d5 25. Bxe5 Nxe5 26. f6 exf6 27. gxf6 Bh6 28. Nf5 gxf5 29. Qxh5 dxe4 30. Qxh6 exd3+ 31. Kh2 Ng4+ 32. Kg3 Nxh6 0-1


[Site "https://www.chess.com"]

[Event "Titled Tuesday Blitz December 7 2021"]
[White "Degtiarev, Evgeny"]
[Black "Solon, Nathan"]
[WhiteFideId "4149610"]
[BlackFideId "2017229"]
[WhiteElo "2218"]
[BlackElo "2548"]
[Result "1-0"]
[Round "11"]
[TimeControl "180+1"]
[Date "2021.12.07"]
[WhiteClock "0:00:09"]
[BlackClock "0:00:51"]

1. d4 Nf6 2. c4 e6 3. Nc3 Bb4 4. e3 O-O 5. Ne2 c6 6. g3 d5 7. cxd5 exd5 8. Bg2 Re8 9. O-O Nbd7 10. Qc2 h5 11. f3 Bf8 12. e4 dxe4 13. fxe4 c5 14. e5 cxd4 15. exf6 dxc3 16. fxg7 Bxg7 17. Nxc3 Ne5 18. Bf4 Be6 19. Kh1 Qc8 20. Rae1 Bh3 21. Bxh3 Qxh3 22. Ne4 Rad8 23. Ng5 Qg4 24. Qh7+ Kf8 25. Bxe5 Qxg5 26. Bxg7+ Qxg7 27. Rxe8+ Rxe8 28. Qxh5 Qxb2 29. Qxf7# 1-0


[Site "https://www.chess.com"]

[Event "Titled Tuesday Blitz December 7 2021"]
[White "Demchenko, Anton"]
[Black "Mirzoev, Azer"]
[WhiteFideId "4160258"]
[BlackFideId "13400304"]
[WhiteElo "2531"]
[BlackElo "2525"]
[Result "1/2-1/2"]
[Round "11"]
[TimeControl "180+1"]
[Date "2021.12.07"]
[WhiteClock "0:00:08"]
[BlackClock "0:00:11"]

1. e4 c6 2. d4 d5 3. Nd2 dxe4 4. Nxe4 Nf6 5. Qd3 Nxe4 6. Qxe4 Qd5 7. Bd3 Qxe4+ 8. Bxe4 Nd7 9. Bd3 g6 10. Ne2 Bg7 11. Be3 O-O 12. O-O-O e5 13. c3 exd4 14. Bxd4 Ne5 15. Bc2 Ng4 16. Bxg7 Kxg7 17. Rdf1 Re8 18. Nd4 Bd7 19. h3 Nf6 20. Rd1 Rad8 21. Rhe1 c5 22. Nb3 b6 23. Nd2 Bc6 24. g3 h5 25. Rxe8 Rxe8 26. Bd3 h4 27. Nc4 Bg2 28. gxh4 Bxh3 29. Nd6 Rh8 30. Bc4 Rxh4 31. Bxf7 Rf4 32. Rg1 Bg4 33. Rg2 Bh5 34. Bb3 Ng4 35. Bd1 Rxf2 36. Rxg4 Rf1 37. Kd2 Rxd1+ 38. Kxd1 Bxg4+ 39. Kd2 Bd7 40. Ke3 Kf6 41. Ne4+ Ke5 42. Ng5 Kf5 43. Ne4 g5 44. Nd6+ Ke5 45. Nf7+ Kf6 46. Nd6 g4 47. Kf4 Be6 48. a3 Ke7 49. Ne4 a5 50. Ng5 Bd7 51. Ne4 Ke6 52. Kxg4 Kd5+ 53. Kf4 Kc4 54. Ke5 Kb3 55. Kd6 Be8 56. Kc7 Kxb2 57. Kxb6 a4 58. Nxc5 Kxa3 59. Nxa4 Kxa4 60. c4 Kb4 61. c5 Kc4 62. c6 Bxc6 1/2-1/2


[Site "https://www.chess.com"]

[Event "Titled Tuesday Blitz December 7 2021"]
[White "Demin, Vladimir"]
[Black "Makhmudov, Shukhrat"]
[WhiteFideId "4167457"]
[BlackFideId "14200775"]
[WhiteElo "2496"]
[BlackElo "2135"]
[Result "0-1"]
[Round "11"]
[TimeControl "180+1"]
[Date "2021.12.07"]
[WhiteClock "0:01:16"]
[BlackClock "0:01:10"]

1. d4 Nf6 2. g4 Nxg4 3. e4 d5 4. Be2 h5 5. e5 g6 6. Nf3 e6 7. Bg5 Be7 8. h4 c5 9. Nc3 Nc6 10. Nb5 Qb6 11. Bxe7 Nxe7 12. Nd6+ Kf8 13. Ng5 Nh6 14. Bxh5 Qxb2 15. O-O Qxd4 16. Qxd4 cxd4 17. Be2 Nhf5 18. Ngxf7 Rxh4 19. Kg2 Bd7 20. Rh1 b6 21. Bd3 Kg7 22. a4 Rf8 23. Nxf5+ Nxf5 24. Nd6 Rg4+ 25. Kf1 Ng3+ 26. Kg2 Nxh1+ 27. Kxh1 Rh8# 0-1


[Site "https://www.chess.com"]

[Event "Titled Tuesday Blitz December 7 2021"]
[White "Diaz Camallonga, Carles"]
[Black "Hamley, Ryan"]
[WhiteFideId "22235256"]
[BlackFideId "30959497"]
[WhiteElo "2438"]
[BlackElo "2564"]
[Result "1-0"]
[Round "11"]
[TimeControl "180+1"]
[Date "2021.12.07"]
[WhiteClock "0:00:18"]
[BlackClock "0:00:01"]

1. d4 Nf6 2. Nf3 g6 3. Nbd2 Bg7 4. e4 d6 5. Bd3 O-O 6. O-O c5 7. c3 Nc6 8. h3 e5 9. d5 Ne7 10. a4 Ne8 11. b4 cxb4 12. cxb4 f5 13. b5 f4 14. Nc4 h6 15. Ba3 g5 16. Be2 Ng6 17. Nh2 Rf7 18. Rc1 Kh7 19. a5 Bf8 20. Qb3 f3 21. Bxf3 Nf4 22. Rc2 h5 23. Rfc1 Rg7 24. Ne3 Bd7 25. b6 axb6 26. axb6 Qf6 27. Nf5 Bxf5 28. exf5 Qxf5 29. Qe3 Nf6 30. Rc7 g4 31. hxg4 hxg4 32. Bd1 N6xd5 33. Rxg7+ Bxg7 34. Qg3 Qe4 35. Bxg4 Nf6 36. Bf3 Ne2+ 37. Bxe2 Qxe2 38. Bxd6 Qd2 39. Qh3+ Kg8 40. Qe6+ Kh7 41. Rf1 Re8 42. Qf5+ Kg8 43. Bc7 Qd5 44. Re1 Nd7 45. Nf3 Nf8 46. Ng5 1-0


[Site "https://www.chess.com"]

[Event "Titled Tuesday Blitz December 7 2021"]
[White "Donchenko, Alexander"]
[Black "Ianov, Viktor"]
[WhiteFideId "24603295"]
[BlackFideId "14102730"]
[WhiteElo "2494"]
[BlackElo "2307"]
[Result "1-0"]
[Round "11"]
[TimeControl "180+1"]
[Date "2021.12.07"]
[WhiteClock "0:01:38"]
[BlackClock "0:00:43"]

1. b3 d6 2. Bb2 Nd7 3. c4 Ngf6 4. g3 g6 5. Bg2 Bg7 6. Nf3 O-O 7. O-O e5 8. Nc3 Re8 9. Qc2 a5 10. Rad1 Nc5 11. d4 exd4 12. Nxd4 c6 13. Ba3 Qb6 14. h3 h5 15. Rfe1 Bd7 16. e4 Rad8 17. Nf3 Bc8 18. Bc1 a4 19. bxa4 Qb4 20. Bf1 Nfd7 21. Bd2 Qb6 22. Bg5 Ne5 23. Nxe5 Bxe5 24. Bxd8 Rxd8 25. Kg2 Be6 26. f4 Bg7 27. Kh1 Qb4 28. Re3 Ra8 29. f5 Bd7 30. fxg6 fxg6 31. Rxd6 Be8 32. e5 Kh7 33. Bd3 Nxd3 34. Qxd3 c5 35. Ne4 Bc6 36. Kh2 Bxe4 37. Qxe4 1-0


[Site "https://www.chess.com"]

[Event "Titled Tuesday Blitz December 7 2021"]
[White "Durarbayli, Vasif"]
[Black "Gasanov, Eldar"]
[WhiteFideId "13402935"]
[BlackFideId "14104466"]
[WhiteElo "2599"]
[BlackElo "2454"]
[Result "1-0"]
[Round "11"]
[TimeControl "180+1"]
[Date "2021.12.07"]
[WhiteClock "0:00:09"]
[BlackClock "0:00:01"]

1. e4 c5 2. Nf3 Nc6 3. d4 cxd4 4. Nxd4 Nf6 5. Nc3 g6 6. Nxc6 dxc6 7. e5 Qxd1+ 8. Nxd1 Ng4 9. f4 f6 10. h3 Nh6 11. exf6 exf6 12. Kf2 Nf5 13. g4 Bc5+ 14. Ne3 Nd4 15. Kg2 f5 16. Bd3 O-O 17. Bc4+ Kg7 18. b4 Bb6 19. Bb2 fxg4 20. hxg4 Rxf4 21. Raf1 g5 22. Bd3 h6 23. Rxf4 gxf4 24. Nc4 c5 25. Rh5 Bxg4 26. bxc5 Bxh5 27. Bxd4+ Kg8 28. cxb6 axb6 29. Nxb6 Ra5 30. a4 Rg5+ 31. Kf2 Rg3 32. Be4 Rh3 33. Bxb7 Rh2+ 34. Kg1 Rxc2 35. a5 Rc1+ 36. Kg2 Rc2+ 37. Bf2 Be2 38. a6 f3+ 39. Kg3 Bxa6 40. Bxa6 Rc6 41. Bb7 Rg6+ 42. Kxf3 h5 43. Bc8 h4 44. Nd5 Kf7 45. Nf4 Rc6 46. Bh3 Rc3+ 47. Kg4 Ra3 48. Bxh4 Ra1 49. Bg5 1-0


[Site "https://www.chess.com"]